 Dungeon Crawl Stone Soup version 0.30.0-19-g36f170ea60 (webtiles) character file.

Game seed: 18324066325227061388

849 bmack86 the Cleaver (level 7, 0/57 HPs)
             Began as a Minotaur Fighter on June 2, 2023.
             Slain by a black bear (10 damage)
             ... on level 6 of the Dungeon.
             The game lasted 00:10:31 (4701 turns).

bmack86 the Cleaver (Minotaur Fighter)              Turns: 4701, Time: 00:10:32

Health: 0/57       AC: 13    Str: 23    XL:     7   Next: 69%
Magic:  6/6        EV:  6    Int:  5    God:
Gold:   221        SH:  4    Dex:  9    Spells: 6/6 levels left

rFire   . . .        a - +1 war axe
rCold   . . .        c - +0 buckler
rNeg    . . .        e - +0 plate armour
rPois   .            (helmet restricted)
rElec   .            (no cloak)
rCorr   .            r - +0 pair of gloves
SInv    .            s - +0 pair of boots
Will    .....        (no amulet) Stlth
                     (no ring)
HPRegen 0.29/turn    (no ring)
MPRegen 0.10/turn

%: no passive effects
@: no status effects
A: horns 2, retaliatory headbutt
a: no special abilities


You were on level 6 of the Dungeon.
You visited 1 branch of the dungeon, and saw 6 of its levels.

You collected 221 gold pieces.

Inventory:

Hand Weapons
 a - a +1 war axe (weapon)
Missiles
 i - 5 boomerangs (quivered)
Armour
 b - a +0 scale mail
 c - a +0 buckler (worn)
 e - a +0 plate armour (worn)
 r - a +0 pair of gloves (worn)
 s - a +0 pair of boots (worn)
Wands
 g - a wand of mindburst (12)
Scrolls
 m - a scroll of blinking
 p - a scroll of magic mapping
Potions
 d - 2 potions of might
 f - a potion of curing
 h - 3 potions of flight
 j - 2 potions of heal wounds
 k - a potion of lignification {unknown}
 l - 2 potions of ambrosia {unknown}
 n - a potion of brilliance {unknown}


   Skills:
 - Level 3.6 Fighting
 + Level 10.7 Axes
 - Level 3.6 Armour
 - Level 3.6 Shields


You had 6 spell levels left.
You didn't know any spells.
Your spell library contained the following spells:

 Spells                   Type           Power      Damage    Failure   Level
 Ensorcelled Hibernation  Hex/Ice        0%         N/A       100%        2
 Passwall                 Tmut/Erth      0%         N/A       100%        2
 Swiftness                Air            0%         N/A       100%        3
 Malign Gateway           Summ/Tloc      0%         N/A       100%        7
 Summon Horrible Things   Summ           0%         N/A       100%        8


Dungeon Overview and Level Annotations

Branches:
Dungeon (6/15)
 Temple: D:4-7

Altars:
Cheibriados
Dithmenos
Uskayaw
Vehumet

Shops:
D:4 ?


Innate Abilities, Weirdness & Mutations

You have a pair of horns on your head.
You reflexively headbutt those who attack you in melee.


Message History

The steam dragon bites you but does no damage.
The steam dragon barely misses you.
You hit the black bear but do no damage.
The black bear is moderately wounded.
You hit the steam dragon.
You are engulfed in a cloud of scalding steam.
The black bear bites you! The black bear completely misses you.
The black bear barely misses you.
The steam dragon bites you but does no damage.
The steam dragon claws you but does no damage.
You hit the black bear.
The black bear is heavily wounded.
You hit the steam dragon. The black bear barely misses you.
The black bear claws you but does no damage. x2
The steam dragon bites you.
The steam dragon claws you but does no damage.
Unknown command.
You barely miss the steam dragon. Your headbutt misses the steam dragon.
The steam dragon is heavily wounded.
You slash the black bear!
Unknown command.
You hit the black bear. Your headbutt misses the black bear.
The black bear is almost dead.
You closely miss the steam dragon.
You are engulfed in a cloud of scalding steam.
The black bear goes berserk!
The steam dragon bites you. The steam dragon claws you.
* * * LOW HITPOINT WARNING * * *
You hit the steam dragon. Your headbutt misses the steam dragon.
The steam dragon is heavily wounded.
You barely miss the black bear.
The black bear bites you but does no damage.
The black bear claws you.
* * * LOW HITPOINT WARNING * * *
You block the black bear's attack.
The steam dragon bites you but does no damage.
The steam dragon claws you.
* * * LOW HITPOINT WARNING * * *
The black bear bites you!
You die...

................ #
#..............#
..###..............
..................##
................#..##
.......s§...........##
.....................#
#.D@h..........#
#.....##.#....##
..........###....#
..#####.....##.†..#
###...##..####
......##..# ###
.#...#...# ...
##......## ...
#####...#...##


You could see a steam dragon, a black bear (berserk) and a scorpion.

Vanquished Creatures
  A water moccasin (D:5)
  2 ogres
  A hound (D:4)
  3 orc priests
  4 iguanas
  3 sleepcaps
  Terence (D:3)
  3 orc wizards
  5 adders
  2 ufetubi
  2 worms (D:4)
  A dart slug (D:5)
  13 orcs
  4 endoplasms
  7 giant cockroaches
  15 goblins
  11 hobgoblins
  4 jackals
  7 kobolds
  3 quokkas
  9 ball pythons
  2 bats
  5 frilled lizards
  6 rats
114 creatures vanquished.

Notes
Turn   | Place    | Note
-------+----------+-------------------------------------------
     0 | D:1      | bmack86 the Minotaur Fighter began the quest for the Orb.
     0 | D:1      | Reached XP level 1. HP: 19/19 MP: 0/0
    81 | D:1      | Found a faded altar of an unknown god.
   153 | D:1      | Reached skill level 3 in Axes
   192 | D:1      | Reached XP level 2. HP: 26/26 MP: 1/1
   792 | D:2      | Reached skill level 4 in Axes
   905 | D:2      | Reached XP level 3. HP: 31/31 MP: 2/2
  1615 | D:3      | Reached skill level 5 in Axes
  1640 | D:3      | Noticed Terence
  1653 | D:3      | Killed Terence
  1654 | D:3      | Reached XP level 4. HP: 4/39 MP: 3/3
  1852 | D:3      | Reached skill level 6 in Axes
  2006 | D:3      | Reached XP level 5. HP: 15/45 MP: 4/4
  2306 | D:3      | Reached skill level 7 in Axes
  2737 | D:4      | Reached XP level 6. HP: 42/51 MP: 5/5
  2741 | D:4      | Reached skill level 8 in Axes
  2776 | D:4      | Found a shadowy altar of Dithmenos.
  3391 | D:4      | Reached skill level 9 in Axes
  3397 | D:4      | Found Hodet's Magic Scroll Shoppe.
  3474 | D:4      | Reached XP level 7. HP: 57/57 MP: 6/6
  3599 | D:4      | Found a radiant altar of Vehumet.
  3649 | D:5      | Entered Level 5 of the Dungeon
  3790 | D:5      | Found a snail-covered altar of Cheibriados.
  4093 | D:5      | Reached skill level 10 in Axes
  4601 | D:6      | Found a hide-covered altar of Uskayaw.
  4601 | D:6      | Noticed a +0 short sword
  4601 | D:6      | Noticed a +0 spear
  4602 | D:6      | Noticed a +0 spear
  4602 | D:6      | Noticed a +0 falchion
  4603 | D:6      | Noticed a +0 dagger
  4603 | D:6      | Noticed a +0 short sword
  4603 | D:6      | Noticed a +0 dagger
  4604 | D:6      | Noticed a +0 falchion
  4692 | D:6      | Noticed a steam dragon
  4701 | D:6      | Slain by a black bear

Illustrated notes

Levels and vault maps discovered:
D:1:      scummos_arrival_gate, layout_basic, basic_ecumenical_altar,
          minivault_23
D:2:      layout_basic, minmay_worlds_worst_comb
D:3:      layout_basic, chequers_jeans, uniq_terence
D:4:      kennysheep_the_goblin_king, layout_basic,
          mainiacjoe_overflow_alcove_2, nicolae_dithmenos_the_darkroom,
          serial_shops, shop, minivault_11, hangedman_feature_mirror,
          corexii_shack
D:5:      nicolae_cairo_tiling_very_big, layout_loops_ring,
          kennysheep_slug_shrine
D:6:      layout_cave_pools, nicolae_uskayaw_en_pointe, nrook_mini_vaults

Skill      XL: |  1  2  3  4  5  6  7 |
---------------+----------------------+-----
Axes           | 3 4 5 6 7 9 10 | 10.7
Fighting       | |  3.6
Armour         | |  3.6
Shields        | |  3.6

Action                     |  1- 3 |  4- 6 |  7- 9 || total
---------------------------+-------+-------+-------++-------
  Melee: War axe           |    96 |   113 |    44 ||   253
         Headbutt          |    16 |    16 |     9 ||    41
  Throw: Boomerang         |       |     2 |       ||     2
    Use: Potion            |     1 |       |       ||     1
         Scroll            |       |       |    10 ||    10
 Armour: Plate armour      |    53 |    86 |    36 ||   175
         Scale mail        |     3 |       |       ||     3
  Dodge: Dodged            |    29 |    35 |    15 ||    79
  Block: Buckler           |    23 |    28 |     8 ||    59
